 Dungeon Crawl Stone Soup version 0.31-a0-188-g5e087ee2ca (webtiles) character file.

Game seed: 8755711379730230551

4376 qw the Markself (level 10, -1/58 HPs)
             Began as a Deep Elf Hunter on June 23, 2023.
             Was a Believer of Okawaru.
             Slain by a centaur warrior (7 damage)
             ... on level 8 of the Dungeon.
             The game lasted 00:02:21 (6319 turns).

qw the Markself (Deep Elf Hunter)                   Turns: 6319, Time: 00:02:21

Health: -1/58      AC:  6    Str: 12    XL:     10   Next: 13%
Magic:  14/15      EV: 23    Int: 15    God:    Okawaru [**....]
Gold:   368        SH:  0    Dex: 18    Spells: 9/9 levels left

rFire   . . .        Y - +2 orcbow (flame)
rCold   + . .        (shield currently unavailable)
rNeg    . . .        a - +1 leather armour {rC+}
rPois   .            c - +0 helmet
rElec   .            (no cloak)
rCorr   .            (no gloves)
SInv    .            (no boots)
Will    +....        (no amulet)
Stlth   +++          f - +5 ring of evasion
HPRegen 0.29/turn    (no ring)
MPRegen 0.14/turn

%: no passive effects
@: about to teleport, heroic
A: deterioration 1, screaming 1
a: Renounce Religion, Heroism


You were on level 8 of the Dungeon.
You worshipped Okawaru.
Okawaru was pleased with you.
You visited 2 branches of the dungeon, and saw 9 of its levels.

You collected 368 gold pieces.


Innate Abilities, Weirdness & Mutations

Your body sometimes deteriorates upon taking damage.
You occasionally shout uncontrollably at your foes.


   Skills:
 - Level 4.8(9.8) Fighting
 + Level 15.8(20.8) Ranged Weapons
 - Level 2.3(7.3) Armour
 - Level 6.0(11.0) Dodging
 - Level 1.2(6.2) Stealth
 - Level 4.2 Invocations


You had 9 spell levels left.
You didn't know any spells.
Your spell library was empty.

Inventory:

Hand Weapons
 Y - a +2 orcbow of flaming (weapon)
Armour
 a - a +1 leather armour of cold resistance (worn)
 c - a +0 helmet (worn)
 h - a +0 ring mail
Jewellery
 f - a +5 ring of evasion (left hand)
Scrolls
 g - 2 scrolls of blinking {unknown}
 k - a scroll of identify
 l - a scroll of immolation {unknown}
 m - 2 scrolls of teleportation
Potions
 b - 2 potions of haste {unknown}
 d - 2 potions of cancellation
 e - a potion of magic {unknown}
 i - 2 potions of mutation
 j - a potion of might {unknown}

Dungeon Overview and Level Annotations

Branches:
Dungeon (8/15)             Temple (1/1) D:6
   Lair: D:8-11

Altars:
Ashenzari
Cheibriados
Dithmenos
Elyvilon
Fedhas
Gozag
Hepliaklqana
Kikubaaqudgha
Makhleb
Nemelex Xobeh
Okawaru
Qazlal
Ru
Sif Muna
Trog
Uskayaw
Vehumet
Wu Jian
Xom
Yredelemnul
Zin
The Shining One

Annotations:
D:8 4 runed translucent doors


Message History

The stone arrow hits you!!
6311 ||| INVOKING Heroism.
You gain the combat prowess of a mighty hero.
The kobold throws a stone.
The stone barely misses you.
The gargoyle hurls a stone arrow at you.
The stone arrow hits you!!
Your body deteriorates!
You feel clumsy.
6312 ||| READING 4 scrolls of teleportation.
As you read the scroll of teleportation, it crumbles to dust.
You feel strangely unstable.
You shoot an arrow. The arrow closely misses the kobold.
The arrow hits the gargoyle.
The arrow burns the gargoyle.
The gargoyle is severely damaged.
The kobold barely misses you.
You shoot an arrow. The arrow hits the kobold!
The arrow burns the kobold.
You kill the kobold!
You shoot an arrow.
The arrow hits the gargoyle but does no damage.
The gargoyle is severely damaged.
You shoot an arrow. The arrow barely misses the kobold.
The arrow hits the gargoyle.
The arrow burns the gargoyle.
The gargoyle is almost destroyed.
You shoot an arrow. The arrow hits the gargoyle!
The arrow burns the gargoyle.
You destroy the gargoyle!
Okawaru is honoured by your kill.
You feel your dexterity returning.
You shoot an arrow. The arrow hits the kobold!
The arrow burns the kobold.
You kill the kobold!
Your surroundings suddenly seem different.
Enter note:
Enter note:
Enter note:
Enter note:
Enter note:
Enter note:
6319 ||| READING 3 scrolls of teleportation.
As you read the scroll of teleportation, it crumbles to dust.
You feel strangely unstable. The centaur warrior hits you!
You die...

#...# #..###...######.#..##.#
#...# #..##..#.###.........##
####...####..##....##..######..##
...................#..##)...##.#.
.............?........#.## #.#.
....<.................##.# #...
####...#####...##++##.'.## #...
#...# #..##8..8##### #.#. #...#
#..#8@...8# ##.##
#...######.#"c...B# #..
###.......##.#$....)# ######..#
#............#8....8# #)...##.#
#.#...#...##.##8..8#######..#.##
##.#####...##..##++##.'.#.##.#...
##.##.......#.........#..#}#.#.#.
##.##.##....#......##.#.####.#...
##.##.##.......######.##....##..#


You could see a boulder beetle (wandering) and a centaur warrior.

Vanquished Creatures
  A centaur warrior (D:8)
  A gargoyle (D:8)
  Prince Ribbit (D:5)
  Sigmund (D:5)
  A shadow (D:8)
  2 steam dragons (D:7)
  Duvessa (D:6)
  An orc warrior (D:7)
  A water moccasin (D:5)
  An ice beast (D:8)
  4 sky beasts
  An ogre (D:5)
  2 centaurs (D:6)
  2 phantoms
  A gnoll sergeant (D:6)
  A kobold brigand (D:8)
  4 bullfrogs
  2 scorpions (D:5)
  7 wights (D:8)
  Dowan (D:6)
  2 howler monkeys
  3 jellies
  2 hounds
  2 orc priests (D:8)
  An iguana (D:5)
  3 orc wizards
  9 gnolls
  5 adders
  A shadow imp (D:8)
  4 white imps
  2 ufetubi
  A worm (D:3)
  A dart slug (D:2)
  14 orcs
  2 bat zombies (D:6)
  5 endoplasms
  3 giant cockroaches
  5 goblins
  10 hobgoblins
  13 kobolds
  6 quokkas
  7 ball pythons
  9 bats
  A frilled lizard (D:1)
  7 rats
  2 rat zombies (D:6)
156 creatures vanquished.

Notes
Turn   | Place    | Note
-------+----------+-------------------------------------------
     0 | D:1      | qw the Deep Elf Hunter began the quest for the Orb.
     0 | D:1      | Reached XP level 1. HP: 12/12 MP: 3/3
     0 | D:1      | 0 ||| qw: Version: 0.3-a-9-g12657ce
     0 | D:1      | 0 ||| qw: Game counter: 3618
     0 | D:1      | 0 ||| qw: Always use a shield: true
     0 | D:1      | 0 ||| qw: God list: Okawaru
     0 | D:1      | 0 ||| qw: Allow faded altars: false
     0 | D:1      | 0 ||| qw: Do Orc after D:15 true
     0 | D:1      | 0 ||| qw: Do second Lair branch before Depths: true
     0 | D:1      | 0 ||| qw: Lair rune preference: random
     0 | D:1      | 0 ||| qw: Plans: Normal
     0 | D:1      | 0 ||| PLANNING D:1-11
   321 | D:1      | Reached XP level 2. HP: 16/16 MP: 4/4
   347 | D:1      | Reached skill level 6 in Ranged Weapons
   572 | D:1      | Noticed a great orb of eyes
   576 | D:1      | Noticed a floating eye
   578 | D:1      | Found a faded altar of an unknown god.
   579 | D:1      | 579 ||| UPGRADING to +5 ring of evasion.
   580 | D:1      | 580 ||| READING scroll labelled ERACHO IHEZETT.
   581 | D:1      | 581 ||| READING scroll labelled RABBUN TYSI.
   587 | D:1      | Reached XP level 3. HP: 20/20 MP: 5/5
   595 | D:1      | Noticed a golden eye
   600 | D:1      | Noticed a shining eye
   663 | D:1      | 663 ||| READING scroll labelled NITUTEUZOAH.
   664 | D:1      | 664 ||| DRINKING 2 fuming grey potions.
   665 | D:1      | 665 ||| DROPPING scroll of butterflies.
   753 | D:2      | Reached skill level 7 in Ranged Weapons
   754 | D:2      | 754 ||| FLEEEEING.
   755 | D:2      | 755 ||| FLEEEEING.
   756 | D:2      | 756 ||| FLEEEEING.
   757 | D:2      | 757 ||| FLEEEEING.
   758 | D:2      | 758 ||| FLEEEEING.
   759 | D:2      | 759 ||| FLEEEEING.
  1004 | D:2      | Reached XP level 4. HP: 25/25 MP: 6/6
  1202 | D:2      | 1202 ||| DRINKING 2 fuming orange potions.
  1203 | D:2      | 1203 ||| DROPPING potion of degeneration.
  1402 | D:3      | Found the +13 scythe of Curses {drain, curses, Drain}
  1506 | D:3      | Reached skill level 8 in Ranged Weapons
  2103 | D:3      | 2103 ||| UPGRADING to +0 scale mail.
  2113 | D:3      | 2113 ||| DROPPING +0 leather armour.
  2114 | D:3      | 2114 ||| READING scroll labelled LAIXKO CUJECK.
  2115 | D:3      | 2115 ||| READING scroll labelled AMYUSM MIST.
  2115 | D:3      | Identified a scroll of acquirement
  2115 | D:3      | 2115 ||| ACQUIRING +0 orcbow of freezing
  2115 | D:3      | Acquired a +0 orcbow of freezing
  2117 | D:3      | 2117 ||| SWAPPING to +0 orcbow of freezing.
  2118 | D:3      | 2118 ||| DROPPING +0 heavy shortbow.
  2119 | D:3      | 2119 ||| READING scroll labelled LICEM AHYLU.
  2120 | D:3      | 2120 ||| READING scroll labelled SEVYIWK LUROT.
  2121 | D:3      | 2121 ||| READING 3 scrolls labelled SAVUAB KYBIRI.
  2126 | D:3      | 2126 ||| DRINKING 2 silvery potions.
  2127 | D:3      | 2127 ||| DROPPING potion of brilliance.
  2217 | D:4      | Reached XP level 5. HP: 29/29 MP: 7/7
  2290 | D:4      | Noticed a phantom
  2300 | D:4      | Killed a phantom
  2301 | D:4      | Reached skill level 9 in Ranged Weapons
  2421 | D:4      | Reached XP level 6. HP: 35/35 MP: 8/8
  2723 | D:4      | 2723 ||| READING scroll of brand weapon.
  2723 | D:4      | 2723 ||| BRANDING +1 orcbow of freezing.
  2834 | D:4      | 2834 ||| UPGRADING to +0 helmet.
  2839 | D:4      | 2839 ||| UPGRADING to +0 ring mail.
  2849 | D:4      | 2849 ||| DROPPING +0 scale mail.
  2850 | D:4      | 2850 ||| DROPPING amulet of magic regeneration.
  2851 | D:4      | 2851 ||| READING scroll labelled QEQUEPN URODO.
  2852 | D:4      | 2852 ||| DRINKING 2 blue potions.
  2897 | D:4      | 2897 ||| DROPPING potion of lignification.
  2912 | D:5      | Entered Level 5 of the Dungeon
  3110 | D:5      | Reached skill level 10 in Ranged Weapons
  3120 | D:5      | Reached skill level 3 in Dodging
  3191 | D:5      | Noticed Sigmund
  3193 | D:5      | Killed Sigmund
  3194 | D:5      | Reached XP level 7. HP: 40/40 MP: 9/9
  3410 | D:5      | Noticed Prince Ribbit
  3417 | D:5      | Killed Prince Ribbit
  3418 | D:5      | Reached skill level 11 in Ranged Weapons
  3518 | D:5      | Found a burning altar of Makhleb.
  3673 | D:5      | Reached skill level 12 in Ranged Weapons
  3673 | D:5      | Reached XP level 8. HP: 44/44 MP: 10/10
  3879 | D:5      | 3879 ||| READING scroll labelled KOHUIP CUJOETO.
  3880 | D:5      | 3880 ||| READING scroll labelled RUARUL FAIZ.
  3905 | D:6      | Noticed Duvessa
  3908 | D:6      | Noticed Dowan
  3912 | D:6      | Killed Duvessa
  3921 | D:6      | Killed Dowan
  3922 | D:6      | Reached skill level 3 in Fighting
  4004 | D:6      | 4004 ||| Stepping ~*~*~tactically~*~*~ (outnumbered).
  4254 | D:6      | Found a staircase to the Ecumenical Temple.
  4255 | D:6      | 4255 ||| PLANNING TEMPLE
  4255 | D:6      | 4255 ||| UPGRADING to +1 leather armour of cold resistance.
  4265 | D:6      | 4265 ||| DRINKING 3 murky dark potions.
  4273 | Temple   | Entered the Ecumenical Temple
  4273 | Temple   | Found a transporter.
  4273 | Temple   | Found a transporter.
  4275 | Temple   | Found a transporter.
  4275 | Temple   | Found a transporter.
  4285 | Temple   | 4285 ||| PLANNING D:1-11
  4288 | Temple   | 4288 ||| PLANNING OKAWARU WORSHIP
  4292 | Temple   | Became a worshipper of Warmaster Okawaru
  4293 | Temple   | 4293 ||| PLANNING D:1-11
  4339 | D:6      | Found a blossoming altar of Fedhas.
  4363 | D:6      | 4363 ||| FLEEEEING.
  4540 | D:6      | You fall into a shaft and drop 1 floor!
  4551 | D:7      | Reached skill level 13 in Ranged Weapons
  4688 | D:7      | 4688 ||| Stepping ~*~*~tactically~*~*~ (cloud).
  4692 | D:7      | HP: 7/46 [steam dragon/ball of steam (21)]
  4693 | D:7      | 4693 ||| READING 4 scrolls of teleportation.
  4693 | D:7      | HP: 1/46 [steam dragon] (6)]
  4694 | D:7      | 4694 ||| DRINKING potion of heal wounds.
  4696 | D:7      | Reached * piety under Okawaru
  4697 | D:7      | 4697 ||| Stepping ~*~*~tactically~*~*~ (cloud).
  4855 | D:7      | 4855 ||| DRINKING 2 metallic green potions.
  4855 | D:7      | Gained mutation: Your body sometimes deteriorates upon
                  | taking damage. [potion of mutation]
  4855 | D:7      | Gained mutation: You occasionally shout uncontrollably at
                  | your foes. [potion of mutation]
  5018 | D:6      | Found an ancient bone altar of Kikubaaqudgha.
  5150 | D:7      | Reached skill level 1 in Invocations
  5150 | D:7      | Reached XP level 9. HP: 50/50 MP: 11/11
  5198 | D:7      | 5198 ||| INVOKING Heroism.
  5200 | D:7      | 5200 ||| Stepping ~*~*~tactically~*~*~ (cloud).
  5208 | D:7      | Reached skill level 14 in Ranged Weapons
  5208 | D:7      | 5208 ||| Stepping ~*~*~tactically~*~*~ (cloud).
  5209 | D:7      | 5209 ||| Stepping ~*~*~tactically~*~*~ (cloud).
  5211 | D:7      | 5211 ||| Stepping ~*~*~tactically~*~*~ (cloud).
  5213 | D:7      | 5213 ||| Stepping ~*~*~tactically~*~*~ (cloud).
  5215 | D:7      | 5215 ||| Stepping ~*~*~tactically~*~*~ (cloud).
  5448 | D:7      | Reached skill level 3 in Invocations
  5563 | D:8      | Reached skill level 6 in Dodging
  5569 | D:8      | Found the necklace of Bloodlust {Fury *Rage Will++ Int-3
                  | Slay+6}
  5575 | D:8      | Found a large runed translucent door.
  5575 | D:8      | Found a large runed translucent door.
  5578 | D:8      | Found the +8 longbow "Zephyr" {speed, Dex+3 SInv}
  5580 | D:8      | Noticed a boulder beetle
  5580 | D:8      | Noticed a centaur warrior
  5695 | D:8      | Found a large runed translucent door.
  5696 | D:8      | Found a large runed translucent door.
  5753 | D:8      | Reached ** piety under Okawaru
  5885 | D:8      | Noticed a centaur warrior
  5895 | D:8      | Reached skill level 15 in Ranged Weapons
  5898 | D:8      | 5898 ||| INVOKING Heroism.
  5903 | D:8      | HP: 6/50 [centaur warrior (13)]
  5904 | D:8      | 5904 ||| READING 5 scrolls of teleportation.
  5905 | D:8      | Killed a centaur warrior
  6075 | D:8      | 6075 ||| READING scroll of enchant weapon.
  6075 | D:8      | 6075 ||| ENCHANTING +1 orcbow of flaming.
  6096 | D:8      | 6096 ||| INVOKING Heroism.
  6097 | D:8      | 6097 ||| Stepping ~*~*~tactically~*~*~ (outnumbered).
  6098 | D:8      | 6098 ||| Stepping ~*~*~tactically~*~*~ (outnumbered).
  6108 | D:8      | Reached XP level 10. HP: 40/58 MP: 13/15
  6292 | D:8      | 6292 ||| Stepping ~*~*~tactically~*~*~ (outnumbered).
  6294 | D:8      | 6294 ||| Stepping ~*~*~tactically~*~*~ (outnumbered).
  6295 | D:8      | Noticed a gargoyle
  6299 | D:8      | 6299 ||| Stepping ~*~*~tactically~*~*~ (outnumbered).
  6311 | D:8      | 6311 ||| INVOKING Heroism.
  6311 | D:8      | HP: 4/58 [gargoyle/stone arrow (23)]
  6312 | D:8      | 6312 ||| READING 4 scrolls of teleportation.
  6317 | D:8      | Killed a gargoyle
  6319 | D:8      | 6319 ||| READING 3 scrolls of teleportation.
  6319 | D:8      | Slain by a centaur warrior

Levels and vault maps discovered:
D:1:      sevenhm_arrival_forest_fort_large_2, layout_loops_ring,
          hellmonk_ecumenical_altar_watching_god
D:2:      layout_loops_ring
D:3:      layout_loops_corners
D:4:      layout_basic
D:5:      layout_basic, mainiacjoe_overflow_tiny_flanked,
          nicolae_elevator_lobby_asterisk, uniq_prince_ribbit1, uniq_sigmund
D:6:      layout_rooms, lemuel_zombie_altar_kikubaaqudgha, fedhas_altar_3,
          minmay_temple_entry_glassed_door, interstate_on_off,
          kb_lookout_dungeons_type, uniq_duvessa
D:7:      layout_rooms
D:8:      layout_loops_cross, minmay_hollow_rounded_squares
Temple:   hellmonk_temple_divided_pantheon

Skill      XL: |  1  2  3  4  5  6  7  8  9 |
---------------+----------------------------+-----
Ranged Weapons | 6 7 8 9 10 12 13 15 | 15.8
Fighting       | 2 3 4 |  4.8
Dodging        | 3 5 6 |  6.0
Armour         | 2 |  2.3
Invocations    | 1 4 |  4.2
Stealth        | |  1.2

Action                     |  1- 3 |  4- 6 |  7- 9 | 10-12 || total
---------------------------+-------+-------+-------+-------++-------
   Fire: Shortbow          |    88 |    48 |       |       ||   136
         Orcbow            |       |    67 |   237 |    37 ||   341
 Invoke: Heroism           |       |       |     3 |     1 ||     4
    Use: Scroll            |     3 |     7 |     5 |     2 ||    17
         Potion            |     1 |     3 |     3 |       ||     7
 Armour: Leather armour    |     2 |     4 |    24 |     2 ||    32
         Scale mail        |       |     6 |       |       ||     6
         Ring mail         |       |     7 |     5 |       ||    12
  Dodge: Dodged            |    18 |    52 |    82 |    11 ||   163

Table legend:
 A = Non-vault XP
 B = Vault XP
 C = Vault XP percentage of total XP
 D = Non-vault monster count
 E = Vault monster count
 F = Vault count percentage of total count
                 A         B        C        D         E       F
            +---------+---------+-------+---------+---------+-------
      Total |    4092 |    2160 |  34.5 |     141 |      15 |   9.6
            +---------+---------+-------+---------+---------+-------
        D:1 |      49 |       0 |   0.0 |      21 |       0 |   0.0
        D:2 |      57 |       0 |   0.0 |      25 |       0 |   0.0
        D:3 |      58 |       0 |   0.0 |      18 |       0 |   0.0
        D:4 |     252 |       0 |   0.0 |      13 |       0 |   0.0
        D:5 |     541 |     494 |  47.7 |       8 |       2 |  20.0
        D:6 |     361 |     329 |  47.7 |      13 |       7 |  35.0
        D:7 |    1298 |       0 |   0.0 |      19 |       0 |   0.0
        D:8 |    1476 |    1337 |  47.5 |      24 |       6 |  20.0
            +---------+---------+-------+---------+---------+-------
